 Dungeon Crawl Stone Soup version 0.28.0-47-ge53b351184 (webtiles) character file.

Game seed: 13495260180678070174

72 GigaChad the Digger (level 4, -5/33 HPs)
             Began as a Draconian Earth Elementalist on Apr 26, 2022.
             Slain by a phantom (6 damage)
             ... on level 2 of the Dungeon.
             The game lasted 00:04:11 (1198 turns).

GigaChad the Digger (Draconian Earth Elementalist)  Turns: 1198, Time: 00:04:11

Health: -5/33      AC:  5    Str: 10    XL:     4   Next: 7%
Magic:  4/8        EV: 12    Int: 22    God:
Gold:   95         SH:  0    Dex: 13    Spells: 7/8 levels left

rFire   . . .      SeeInvis .   d - +1 hand axe
rCold   . . .      Faith    .   (no shield)
rNeg    . . .      Spirit   .   (armour unavailable)
rPois   .          Reflect  .   (helmet restricted)
rElec   .          Harm     .   (no cloak)
rCorr   .          Rampage  .   (no gloves)
Will    .....                   (no boots)
Stlth   ++........              (no amulet)
HPRegen 0.11/turn               c - +6 ring of intelligence
MPRegen 0.11/turn               (no ring)

@: no status effects
A: AC +5, unfitting armour, cold-blooded
a: no special abilities


You were on level 2 of the Dungeon.
You visited 1 branch of the dungeon, and saw 2 of its levels.

You collected 95 gold pieces.

Inventory:

Hand Weapons
 d - a +1 hand axe (weapon)
Missiles
 b - 27 stones
Jewellery
 c - a +6 ring of intelligence (left hand)
Scrolls
 e - a scroll of brand weapon {unknown}
 f - a scroll of enchant armour {unknown}
Potions
 a - a potion of degeneration {unknown}


   Skills:
 + Level 0.2 Fighting
 + Level 0.4 Axes
 + Level 2.1 Dodging
 + Level 2.1 Stealth
 + Level 2.7 Spellcasting
 + Level 1.0 Transmutations
 + Level 4.0 Earth Magic


You had 7 spell levels left.
You knew the following spells:

 Your Spells              Type           Power      Damage    Failure   Level
a - Sandblast             Erth           40%        2d10      2%          1

Your spell library contained the following spells:

 Spells                   Type           Power      Damage    Failure   Level
 Passwall                 Tmut/Erth      11%        N/A       7%          2
 Stone Arrow              Conj/Erth      22%        3d8       17%         3
 Petrify                  Tmut/Erth      14%        N/A       41%         4


Dungeon Overview and Level Annotations

Branches:
Dungeon (2/15)

Altars:


Innate Abilities, Weirdness & Mutations

Your plain brown scales are hard. (AC +5)
You cannot fit into any form of body armour.
You are cold-blooded and may be slowed by cold attacks.


Message History

The phantom hits you.
The phantom blinks!
You blink.
The phantom hits you but does no damage.
The phantom hits you but does no damage.
You barely miss the phantom.
The phantom is moderately damaged.
The phantom hits you.
The phantom blinks!
You blink.
You closely miss the phantom.
Your tail-slap misses the phantom.
The phantom is moderately damaged.
The phantom hits you but does no damage.
You miss the phantom.
The phantom is moderately damaged.
The phantom hits you! The phantom closely misses you.
You hit the phantom. You tail-slap the phantom.
The phantom is moderately damaged.
The phantom hits you but does no damage.
You closely miss the phantom.
The phantom is moderately damaged.
You hit the ball python.
You kill the ball python!
The phantom hits you!
You closely miss the phantom.
The phantom is moderately damaged.
The phantom closely misses you. The phantom hits you.
The phantom blinks!
You blink.
The phantom hits you but does no damage.
You closely miss the phantom.
Your tail-slap misses the phantom.
The phantom is moderately damaged.
The phantom closely misses you.
You hit the phantom but do no damage.
The phantom is moderately damaged.
The phantom hits you.
* * * LOW HITPOINT WARNING * * *
The phantom blinks!
You blink.
The phantom misses you. The phantom hits you!
* * * LOW HITPOINT WARNING * * *
You hit the phantom.
The phantom is heavily damaged.
The phantom hits you.
You die...

# #.##.###### ....#
#.##.##.# ... # #.......#
#.# ####.#### #.# #.# #.#
#.# ##'## #.# ##...##
#.### ##.....## #...##
##.@.....##
##†).####..W......####...
#.......'...<.....'......
##...####)†.......###
##.## ##.......## #.#
##.....## #.# ##...## #..
##'## ##. #.#


You could see a phantom.

Vanquished Creatures
  Natasha (D:2)
  5 ball pythons
  3 bats (D:1)
  2 endoplasms (D:1)
  4 giant cockroaches
  7 goblins
  5 hobgoblins
  6 jackals (D:1)
  3 quokkas (D:1)
  A frilled lizard (D:2)
  A kobold (D:1)
  3 rats (D:1)
41 creatures vanquished.

Notes
Turn   | Place    | Note
-------+----------+-------------------------------------------
     0 | D:1      | GigaChad the Draconian Earth Elementalist began the quest
                  | for the Orb.
     0 | D:1      | Reached XP level 1. HP: 14/14 MP: 3/3
   150 | D:1      | Reached XP level 2. HP: 14/20 MP: 3/5
   663 | D:1      | Reached XP level 3. HP: 26/26 MP: 0/6
  1125 | D:2      | Noticed Natasha
  1131 | D:2      | Killed Natasha
  1132 | D:2      | Reached XP level 4. HP: 30/33 MP: 2/8
  1145 | D:2      | Reached skill level 4 in Earth Magic
  1174 | D:2      | Noticed a phantom
  1197 | D:2      | HP: 1/33 [phantom (7)]
  1198 | D:2      | Slain by a phantom

Illustrated notes

Levels and vault maps discovered:
D:1:      ebering_trefoil_3fold, layout_basic, minmay_split_cup_large
D:2:      layout_loops_corners, uniq_sigmund, uniq_natasha, uniq_robin

Skill      XL: |  1  2  3  4 |
---------------+-------------+-----
Dodging        | 2 |  2.1
Stealth        | 2 |  2.1
Earth Magic    | 4 |  4.0
Fighting       | |  0.2
Axes           | |  0.4
Spellcasting   | |  2.7
Transmutations | |  1.0

Action                   |  1- 3 |  4- 6 || total
-------------------------+-------+-------++-------
Melee: Unarmed           |    14 |       ||    14
       Tailslap          |     4 |     1 ||     5
       Hand axe          |    15 |    11 ||    26
       Punch             |     1 |       ||     1
 Cast: Sandblast         |    41 |     6 ||    47
  Use: Scroll            |     2 |       ||     2
 Stab: Sleeping          |     1 |       ||     1
Armor: Skin              |    19 |     5 ||    24
Dodge: Dodged            |    35 |     8 ||    43
